 Dungeon Crawl Stone Soup version 0.32-a0-589-g2d1f746d5d (webtiles) character file.

Game seed: 14736170393349819452

13125 Dirtsage the Grappler (level 11, 30/81 HPs)
             Began as a Demonspawn Berserker on Mar 2, 2024.
             Was an Elder of Trog.
             Quit the game on level 1 of the Abyss.
             The game lasted 00:18:04 (9853 turns).

Dirtsage the Grappler (Demonspawn Berserker)        Turns: 9853, Time: 00:18:05

Health: 30/81      AC: 18    Str: 22    XL:     11   Next: 71%
Magic:  11/11      EV: 15    Int:  7    God:    Trog [****..]
Gold:   527        SH:  0    Dex: 13    Spells: 10/10 levels left

rFire   . .          .
                       - Unarmed
rCold   . . .        (no shield)
rNeg    . . .        n - +0 chain mail
rPois   .            (helmet restricted)
rElec   .            t - +2 cloak {Will+}
rCorr   .            g - +0 pair of gloves
SInv    +            (no boots)
Will    +....        (no amulet) Stlth
                     u - +4 ring of protection
HPRegen 0.33/turn    S - ring of see invisible
MPRegen 0.24/turn

%: guardian spirit
@: mighty, agile, on berserk cooldown
A: hooves 1, horns 2, powered by pain 1, magic shield, magic regeneration, magic
link, demonic touch 1
a: Renounce Religion, Berserk, Trog's Hand, Brothers in Arms


You were on level 1 of the Abyss.
You worshipped Trog.
Trog was greatly pleased with you.
You visited 2 branches of the dungeon, and saw 12 of its levels.
You visited the Abyss 1 time.
You also visited: Bailey.

You collected 527 gold pieces.

Inventory:

Missiles
 s - 3 throwing nets (quivered)
 L - 2 curare-tipped darts
Armour
 g - a +0 pair of gloves (worn)
 n - a +0 chain mail (worn)
 t - a +2 cloak of willpower (worn)
Jewellery
 e - a +4 ring of protection
 u - a +4 ring of protection (left hand)
 y - a ring of flight
 F - a ring of protection from fire
 P - a ring of poison resistance
 S - a ring of see invisible (right hand)
Wands
 p - a wand of charming (8)
 x - a wand of polymorph (9)
 A - a wand of acid (26)
 J - a wand of warping (16)
Scrolls
 a - a scroll of blinking {unknown}
 c - 10 scrolls of identify {unknown}
 d - a scroll of amnesia {unknown}
 f - 5 scrolls of noise {unknown}
 i - 2 scrolls of fog {unknown}
 j - 2 scrolls of silence {unknown}
 o - 3 scrolls of teleportation {unknown}
 r - 3 scrolls of revelation {unknown}
 v - a scroll of brand weapon {unknown}
 w - 2 scrolls of enchant weapon {unknown}
 B - 3 scrolls of vulnerability {unknown}
 E - a scroll of enchant armour {unknown}
 G - a scroll of torment {unknown}
 I - 2 scrolls of fear {unknown}
 M - 2 scrolls of poison {unknown}
 O - a scroll of immolation {unknown}
Potions
 k - 2 potions of brilliance
 l - 2 potions of heal wounds {unknown}
 m - 4 potions of attraction
 q - 3 potions of curing
 z - 2 potions of magic {unknown}
 C - 2 potions of berserk rage {unknown}
 D - a potion of haste {unknown}
 H - a potion of mutation {unknown}
 K - a potion of lignification {unknown}
 N - a potion of enlightenment {unknown}
 Q - 2 potions of resistance {unknown}
 R - a potion of might {unknown}


   Skills:
 + Level 5.9 Fighting
 - Level 5.8 Axes
 + Level 4.9 Armour
 + Level 4.7 Dodging
 * Level 12.2 Unarmed Combat
 + Level 4.7 Evocations
 * Level 5.8 Shapeshifting


You had 10 spell levels left.
You didn't know any spells.
Your spell library contained the following spells:

 Spells                   Type           Power      Damage    Failure   Level
 Ensorcelled Hibernation  Hex/Ice        0%         N/A       99%         2
 Call Canine Familiar     Summ           0%         N/A       100%        3
 Hailstorm                Conj/Ice       0%         3d5       100%        3
 Passwall                 Erth           0%         N/A       100%        3
 Sigil of Binding         Hex            0%         N/A       100%        3
 Summon Ice Beast         Ice/Summ       0%         N/A       100%        3
 Swiftness                Air            0%         N/A       100%        3
 Dimensional Bullseye     Hex/Tloc       0%         N/A       100%        4
 Summon Mana Viper        Hex/Summ       0%         N/A       100%        5
 Sculpt Simulacrum        Ice/Alch       0%         N/A       100%        6
 Monstrous Menagerie      Summ           0%         N/A       100%        7


Dungeon Overview and Level Annotations

Branches:
Dungeon (11/15)            Temple (1/1) D:5            Lair (0/5) D:9
    Orc (0/2) D:9          Bailey (visited)

Altars:
Ashenzari
Cheibriados
Dithmenos
Fedhas
Gozag
Hepliaklqana
Kikubaaqudgha
Makhleb
Nemelex Xobeh
Okawaru
Qazlal
Ru
Sif Muna
Trog
Uskayaw
Vehumet
Wu Jian
Xom
Yredelemnul

Shops:
D:4 *

Annotations:
D:3 exclusion: oklob plant
D:4 2 transporters, Flippered's ghost, weakling CoDe
D:11 Erolcha
Temple 2 transporters


Innate Abilities, Weirdness & Mutations

You have large cloven feet.
You have a pair of horns on your head.
You sometimes gain a little power by taking damage.
When hurt, damage is shared between your health and your magic reserves.
You regenerate magic rapidly.
When low on magic, you restore magic in place of health.
Your touch may inflict minor irresistible damage on your foes.


Message History

You take 13 damage, and have 27/121 hp.
You now have 7/11 mp.
You barely miss Snorg. Your kick misses Snorg. You headbutt Snorg!
Your touch misses Snorg.
Snorg is severely wounded.
You barely miss Snorg. You kick Snorg! You headbutt Snorg!
You touch Snorg!
Snorg is almost dead.
Snorg misses you. Snorg claws you but does no damage. Snorg barely misses you.
You closely miss Snorg. You kick Snorg.
You kill Snorg!
Trog accepts your kill.
The troll leather armour {Snorg} is intact enough to wear.
Erolcha mumbles some strange words.
Erolcha blinks!
You regained 2 mp, and now have 9/11 mp.
You are too berserk!
You are too berserk!
You feel a strong urge to attack something.
You are no longer berserk.
You are exhausted.
You feel yourself slow down.
You now have 19/81 hp.
You fail to use your ability.
Your skin stops crawling.
You feel less strong-willed.
You fail to use your ability.
MP restored: 11 You fail to use your ability.
Erolcha points at you and mumbles some strange words.
You are cast into the Abyss!
This branch contains the abyssal rune of Zot.
Unknown command.
You are too injured to fight recklessly!
You feel yourself speed up.
A starcursed mass comes into view.
You regained 10 hp, and now have 30/81 hp.
A starcursed mass is nearby!
A starcursed mass splits.
You are too injured to fight recklessly!
You are too injured to fight recklessly!
You are too injured to fight recklessly!
Are you sure you want to abandon this character and quit the game? (Confirm with "yes".)

. .. #.. ....
.....
......######.#..
.......@........
..#......#####..
.........#
#.........
......∩..##
.#.#.....#
.X...#....
#.X.#.....


You could see 2 starcursed masses.

Vanquished Creatures
  Snorg (D:11)
  Harold (D:11)
  2 two-headed ogres
  A skeletal warrior (D:11)
  The ghost of TobyConnect the Trooper, a novice OpFi (D:6)
  An ugly thing (D:8)
  A cyclops (D:9)
  Maurice (D:8)
  Psyche (D:8)
  A troll (D:9)
  Sigmund (D:4)
  3 spriggans (Bailey)
  A wraith (D:10)
  2 wyverns (D:8)
  Grum (D:10)
  6 yaks (D:10)
  Eustachio (D:4)
  2 steam dragons
  3 vampire mosquitoes (D:10)
  A water moccasin (D:5)
  2 acid dragons
  4 orc warriors
  2 ice beasts
  5 ogres
  A sky beast (D:6)
  2 wolves (D:10)
  4 centaurs
  5 bullfrogs
  4 kobold brigands
  4 scorpions
  A wight (D:8)
  7 killer bees (D:8)
  3 howler monkeys
  4 bombardier beetles
  5 orc priests
  3 gnoll boudas
  3 hounds
  5 jellies
  Crazy Yiuf (D:4)
  4 iguanas (D:5)
  Ijyb (D:3)
  3 sleepcaps
  9 orc wizards
  12 adders
  13 gnolls
  2 shadow imps (D:6)
  3 dart slugs
  4 ribbon worms
  41 orcs
  3 endoplasms
  6 giant cockroaches
  7 goblins
  12 hobgoblins
  3 quokkas
  7 ball pythons
  8 bats
  3 frilled lizards
  6 kobolds
  20 rats
264 creatures vanquished.

Vanquished Creatures (collateral kills)
  3 spriggans (Bailey)
  An ogre (Bailey)
4 creatures vanquished.

Grand Total: 268 creatures vanquished

Notes
Turn   | Place    | Note
-------+----------+-------------------------------------------
     0 | D:1      | Dirtsage the Demonspawn Berserker began the quest for the
                  | Orb.
     0 | D:1      | Reached XP level 1. HP: 18/18 MP: 1/1
    97 | D:1      | Discovered your monstrous ancestry.
    97 | D:1      | Gained mutation: You have large cloven feet. [demonic
                  | ancestry]
    97 | D:1      | Reached XP level 2. HP: 16/24 MP: 2/2
   671 | D:2      | Gained mutation: You have a pair of small horns on your
                  | head. [demonic ancestry]
   671 | D:2      | Reached XP level 3. HP: 29/29 MP: 3/3
   834 | D:2      | Reached ** piety under Trog
  1174 | D:3      | Gained mutation: You regenerate magic rapidly. [demonic
                  | ancestry]
  1174 | D:3      | Reached XP level 4. HP: 14/35 MP: 4/4
  1278 | D:3      | Noticed a scorpion
  1289 | D:3      | Killed a scorpion
  1290 | D:3      | Reached skill level 5 in Axes
  1290 | D:3      | Gained mutation: You have a pair of horns on your head.
                  | [demonic ancestry]
  1290 | D:3      | Reached XP level 5. HP: 20/41 MP: 5/5
  1456 | D:3      | Noticed Ijyb
  1466 | D:3      | Killed Ijyb
  1687 | D:3      | Found a blossoming altar of Fedhas.
  1722 | D:3      | Noticed an oklob plant
  2098 | D:4      | Found Hatiehuh's Lightly-Used Armoury.
  2109 | D:4      | Reached skill level 1 in Unarmed Combat
  2112 | D:4      | Noticed Eustachio
  2115 | D:4      | Reached skill level 2 in Unarmed Combat
  2115 | D:4      | Gained mutation: When hurt, damage is shared between your
                  | health and your magic reserves. [demonic ancestry]
  2115 | D:4      | Reached XP level 6. HP: 47/47 MP: 6/6
  2235 | D:4      | Noticed Sigmund
  2248 | D:4      | Killed Sigmund
  2249 | D:4      | Reached skill level 4 in Unarmed Combat
  2249 | D:4      | Gained mutation: You sometimes gain a little power by
                  | taking damage. [demonic ancestry]
  2249 | D:4      | Reached XP level 7. HP: 52/52 MP: 7/7
  2252 | D:4      | Killed Eustachio
  2253 | D:4      | Reached skill level 5 in Unarmed Combat
  2503 | D:4      | Found a transporter.
  2648 | D:4      | Reached *** piety under Trog
  3004 | D:4      | Found a runed translucent door.
  3005 | D:4      | Noticed Crazy Yiuf
  3011 | D:4      | Killed Crazy Yiuf
  3091 | D:4      | Noticed Flippered's ghost (weakling CoDe)
  3092 | D:4      | Found a transporter.
  3094 | D:4      | Identified the +9 dire flail "Kere" {freeze, rElec rF-
                  | Str+3 Dex+3}
  3124 | D:5      | Entered Level 5 of the Dungeon
  3127 | D:5      | Found a staircase to the Ecumenical Temple.
  3133 | D:5      | Reached skill level 6 in Unarmed Combat
  3145 | Temple   | Found a transporter.
  3145 | Temple   | Found a transporter.
  3145 | Temple   | Found a transporter.
  3145 | Temple   | Found a transporter.
  3145 | Temple   | Entered the Ecumenical Temple
  3227 | D:5      | Reached XP level 8. HP: 22/58 MP: 8/8
  3241 | D:5      | Reached skill level 7 in Unarmed Combat
  3920 | D:6      | Reached skill level 8 in Unarmed Combat
  4156 | D:6      | Reached **** piety under Trog
  4157 | D:6      | Reached skill level 9 in Unarmed Combat
  4329 | D:6      | Reached XP level 9. HP: 63/63 MP: 9/9
  4342 | D:6      | Found a runed translucent door.
  4347 | D:6      | Noticed TobyConnect's ghost (novice OpFi)
  4641 | D:6      | Killed TobyConnect's ghost
  4642 | D:6      | Reached skill level 10 in Unarmed Combat
  4738 | D:7      | Found a bloodstained altar of Trog.
  4943 | D:7      | Reached skill level 1 in Shapeshifting
  5001 | D:7      | Found a burning altar of Makhleb.
  5099 | D:7      | Found a basalt altar of Yredelemnul.
  5399 | D:8      | Reached skill level 1 in Evocations
  5706 | D:8      | Noticed a green ugly thing
  5717 | D:8      | Killed a green ugly thing
  5718 | D:8      | Gained mutation: Your touch may inflict minor irresistible
                  | damage on your foes. [demonic ancestry]
  5718 | D:8      | Reached XP level 10. HP: 42/71 MP: 8/10
  6432 | D:8      | Reached skill level 11 in Unarmed Combat
  6467 | D:8      | Noticed Psyche
  6504 | D:8      | Killed Psyche
  6806 | D:8      | Noticed Maurice
  6816 | D:8      | Killed Maurice
  6865 | D:9      | Found a staircase to the Lair.
  7075 | D:9      | Noticed a cyclops
  7095 | D:9      | Killed a cyclops
  7222 | D:9      | Found a staircase to the Orcish Mines.
  7284 | D:9      | Found an ornate altar of the Wu Jian Council.
  7302 | D:9      | Reached ***** piety under Trog
  7448 | D:9      | Noticed a two-headed ogre
  7455 | D:9      | Killed a two-headed ogre
  7991 | D:10     | Entered Level 10 of the Dungeon
  8100 | D:10     | Received a gift from Trog
  8176 | D:10     | Reached skill level 5 in Fighting
  8276 | D:10     | Gained mutation: When low on magic, you restore magic in
                  | place of health. [demonic ancestry]
  8276 | D:10     | Reached XP level 11. HP: 77/79 MP: 11/11
  8290 | D:10     | Noticed Grum
  8303 | D:10     | Killed Grum
  8420 | D:10     | Found a flagged portal.
  8436 | Bailey   | Entered a bailey
  8501 | Bailey   | Noticed a two-headed ogre
  8514 | Bailey   | HP: 3/80 [spriggan/+0 spear (3)]
  8522 | Bailey   | Reached skill level 5 in Shapeshifting
  8920 | Bailey   | Killed a two-headed ogre
  8974 | Bailey   | Identified the +4 broad axe "Cuiqyenk" {drain, rElec rN+
                  | Will+ SInv}
  9287 | D:10     | Reached skill level 12 in Unarmed Combat
  9633 | D:11     | Noticed a skeletal warrior
  9647 | D:11     | Killed a skeletal warrior
  9806 | D:11     | Noticed Erolcha
  9808 | D:11     | Noticed Snorg
  9808 | D:11     | Noticed Harold
  9815 | D:11     | Killed Harold
  9826 | D:11     | Killed Snorg
  9831 | Abyss:1  | Cast into level 1 of the Abyss (Erolcha)
  9851 | Abyss:1  | Noticed a starcursed mass
  9853 | Abyss:1  | Quit the game

Illustrated notes

Levels and vault maps discovered:
D:1:      eino_arrival_druids_welcome, layout_rooms
D:2:      layout_basic, nrook_mini_vaults
D:3:      layout_loops_ring, tgw_fedhas, uniq_ijyb
D:4:      layout_rooms, gammafunk_ghost_smash, minmay_shop_damaged,
          minmay_rat_hole, uniq_crazy_yiuf_cottage, uniq_sigmund, uniq_eustachio
D:5:      layout_basic, minmay_temple_entry_waves
D:6:      layout_cave_pools, ebering_ghost_sewer_d,
          hangedman_abyss_or_decor_stagger
D:7:      layout_loops_ring, lemuel_doored_altar, overflow_temple_1_default,
          mainiacjoe_overflow_alcove_1
D:8:      minmay_general_purpose_star, layout_cave_pods, serial_park_tiny_pond,
          grunt_ministairs_5, uniq_maurice, uniq_psyche
D:9:      layout_irregular_city, nicolae_wu_jian_wuxing_cycle,
          dpeg_oklobed_lair, erik_orc_3
D:10:     layout_loops_ring, enter_bailey_5, serial_bayou_crossing, uniq_grum
D:11:     minmay_chopped_fan, layout_small_grid, minivault_24, uniq_snorg,
          uniq_erolcha, uniq_harold
Temple:   hellmonk_temple_divided_pantheon
Abyss:1:  base:
D:3

Skill      XL: |  1  2  3  4  5  6  7  8  9 10 11 |
---------------+----------------------------------+-----
Axes           | 3 4 5 |  5.8
Unarmed Combat | 2 4 6 9 10 11 12 | 12.2
Dodging        | 2 3 4 |  4.7
Armour         | 2 4 |  4.9
Shapeshifting  | 2 4 5 |  5.8
Evocations     | 2 3 4 |  4.7
Fighting       | 5 |  5.9

Action                     |  1- 3 |  4- 6 |  7- 9 | 10-12 || total
---------------------------+-------+-------+-------+-------++-------
  Melee: Hand axe          |   109 |    80 |    24 |       ||   213
         Kick              |    23 |    20 |    79 |    78 ||   200
         Headbutt          |     9 |    13 |    62 |    64 ||   148
         Unarmed           |       |       |   291 |   262 ||   553
         Punch             |       |       |     9 |    19 ||    28
         Touch             |       |       |       |    42 ||    42
  Throw: Dart              |       |       |       |     1 ||     1
 Invoke: Berserk           |       |     5 |     5 |     6 ||    16
         Trog's Hand       |       |       |     1 |     2 ||     3
         Brothers in Arms  |       |       |       |     1 ||     1
  Evoke: Wand              |       |       |       |     3 ||     3
    Use: Potion            |       |     3 |       |     2 ||     5
   Stab: Sleeping          |     1 |       |       |       ||     1
 Armour: Animal skin       |    42 |       |       |       ||    42
         Plate armour      |    30 |       |       |       ||    30
         Chain mail        |    20 |    59 |   232 |   237 ||   548
         Skin              |       |       |       |    12 ||    12
  Dodge: Dodged            |    60 |    43 |    94 |   109 ||   306

Table legend: (Time is in decaauts)
 A = Elapsed time spent in this place.
 B = Non-inter-level travel time spent in this place.
 C = Inter-level travel time spent in this place.
 D = Time resting spent in this place.
 E = Time spent auto-exploring this place.
 F = Levels seen in this place.
 G = Mean time per level.
                   A        B        C        D        E       F      G
               +--------+--------+--------+--------+--------+-----+--------+
         Total |   9996 |   9620 |    376 |    778 |   7154 |  14 |  714.0 |
       Dungeon |   9362 |   8986 |    376 |    573 |   6897 |  11 |  851.1 |
        Temple |      1 |      1 |      0 |      0 |      0 |   1 |    1.0 |
         Abyss |     30 |     30 |      0 |      0 |     27 |   1 |   30.0 |
        Bailey |    602 |    602 |      0 |    205 |    230 |   1 |  602.0 |
               +--------+--------+--------+--------+--------+-----+--------+

Top non-repeatable levels by time:
     D:8: 1529 daAuts
     D:3: 1199 daAuts
     D:9: 1135 daAuts
    D:10: 1033 daAuts
     D:4: 845 daAuts
     D:5: 822 daAuts
     D:6: 729 daAuts
     D:7: 697 daAuts
     D:1: 614 daAuts
  Bailey: 602 daAuts
     D:2: 552 daAuts
    D:11: 201 daAuts
 Abyss:1: 30 daAuts
  Temple: 1 daAuts
